 Dungeon Crawl Stone Soup version 0.22-a0-880-gb7b0c8b (webtiles) character file.

60 Amnesiac the Skirmisher (level 4, 0/49 HPs)
             Began as an Ogre Fighter on July 30, 2018.
             Slain by an adder (4 damage)
             ... on level 2 of the Dungeon.
             The game lasted 00:01:10 (934 turns).

Amnesiac the Skirmisher (Ogre Fighter)               Turns: 934, Time: 00:01:11

Health: 0/49       AC:  3    Str: 26    XL:     4   Next: 6%
Magic:  4/4        EV:  8    Int:  9    God:
Gold:   65         SH:  8    Dex:  8    Spells: 3/3 levels left

rFire    . . .     SeeInvis .   a - +0 trident
rCold    . . .     Gourm    .   c - +0 shield
rNeg     . . .     Faith    .   b - +0 robe
rPois    .         Spirit   .   (helmet restricted)
rElec    .         Reflect  .   (no cloak)
rCorr    .         Harm     .   (gloves unavailable)
MR       .....                  (boots unavailable)
Stlth    +.........             (no amulet)
HPRegen  0.16/turn              (no ring)
MPRegen  0.09/turn              (no ring)

@: mighty, lethally poisoned (0 -> -6)
A: large, unfitting armour, tough skin 1
a: no special abilities


You were on level 2 of the Dungeon.
You were not hungry.

You visited 1 branch of the dungeon, and saw 2 of its levels.

You collected 65 gold pieces.

Inventory:

Hand Weapons
 a - a +0 trident (weapon)
Armour
 b - a +0 robe (worn)
 c - a +0 shield (worn)
Jewellery
 j - an uncursed ring of protection from fire {unknown}
Scrolls
 e - a scroll of fear {!r, unknown}
 h - a scroll of remove curse {!r, unknown}
 i - a scroll of amnesia {!r, unknown}
 k - a scroll of magic mapping {!r, unknown}
 m - a scroll of teleportation {!r, unknown}
 n - a scroll of fog {!r, unknown}
Comestibles
 f - 3 rations


   Skills:
 + Level 4.9 Fighting
 * Level 3.6 Polearms
 - Level 2.6 Dodging
 - Level 2.6 Shields


You had 3 spell levels left.
You didn't know any spells.
Your spell library was empty.

Dungeon Overview and Level Annotations

Branches:
Dungeon (2/15)

Altars:


Innate Abilities, Weirdness & Mutations

You are too large for most types of armour.
You have tough skin. (AC +1)


Message History

The hound is moderately wounded.
The hound completely misses you.
You barely miss the hound.
The hound is moderately wounded.
The hound closely misses you. You block the hound's attack.
You barely miss the hound.
The hound is moderately wounded.
The hound bites you.
* * * LOW HITPOINT WARNING * * *
You block the hound's attack.
You barely miss the hound.
The hound is moderately wounded.
The hound closely misses you. x2
Your shield prevents you from hitting the hound.
The hound is moderately wounded.
You block the hound's attack. The hound closely misses you.
You miss the hound.
The hound is moderately wounded.
The hound closely misses you.
You hit the hound.
The hound is severely wounded.
The hound bites you but does no damage. x3
You puncture the hound!
You kill the hound!
You have reached level 4!
You block the adder's attack.
Attack whom?
Press: ? - help, Dir - move target cursor, f - adder
Aim: an adder You hit the adder.
The adder is severely wounded.
You block the adder's attack. The adder barely misses you.
Attack whom?
Press: ? - help, Dir - move target cursor, f/p - adder
Aim: an adder (severely wounded)
You hit the adder.
The adder is severely wounded.
You block the adder's attack.
Attack whom?
Press: ? - help, Dir - move target cursor, f/p - adder
Aim: an adder (severely wounded)
You barely miss the adder.
The adder is severely wounded.
The adder bites you but does no damage. The adder bites you.
* * * LOW HITPOINT WARNING * * *
Attack whom?
Press: ? - help, Dir - move target cursor, f/p - adder
Aim: an adder (severely wounded)
You barely miss the adder.
The adder is severely wounded.
The adder bites you.
* * * LOW HITPOINT WARNING * * *
You are poisoned.
The adder poisons you!
Attack whom?
Press: ? - help, Dir - move target cursor, f/p - adder
Aim: an adder (severely wounded)
You barely miss the adder.
The adder is severely wounded.
You feel sick. The adder bites you.
* * * LOW HITPOINT WARNING * * *
You are lethally poisoned!
The adder poisons you! The adder bites you.
You die...

.. #. #.## ... ..#
#.#### ### #.#.. ..#
#.# #@#.# #.# #.#
##S#.# #.# #.#
.##.###....####.# #.#
....>.).#..((##.####.#
.##.###.((.#.........#
#....#.#.........####
#........##............
###.#######.....##.###.
#. #.....##.# #.


You could see an adder.

Vanquished Creatures
  A hound (D:2)
  A worm (D:2)
  2 bats (D:1)
  3 giant cockroaches (D:1)
  5 goblins
  4 hobgoblins (D:1)
  A ball python (D:1)
  2 frilled lizards (D:1)
  6 kobolds
  A rat (D:1)
26 creatures vanquished.

Notes
Turn   | Place    | Note
-------+----------+-------------------------------------------
     0 | D:1      | Amnesiac the Ogre Fighter began the quest for the Orb.
     0 | D:1      | Reached XP level 1. HP: 24/24 MP: 1/1
   134 | D:1      | Reached XP level 2. HP: 32/32 MP: 2/2
   603 | D:1      | Reached XP level 3. HP: 38/40 MP: 3/3
   658 | D:1      | You fall through a shaft!
   929 | D:2      | Reached XP level 4. HP: 14/49 MP: 4/4
   934 | D:2      | Slain by an adder

Vault maps used:
D:1:      dpeg_arrival_erosion, minmay_tetromino_l4
D:2:      nicolae_overflow_crystal_walls, minivault_11, uniq_terence

Skill      XL: |  1  2 |
---------------+-------+-----
Polearms       | 3 |  3.6
Fighting       | |  4.9
Dodging        | |  2.6
Shields        | |  2.6

Action                   |  1- 3 |  4- 6 || total
-------------------------+-------+-------++-------
Melee: Trident           |   110 |     5 ||   115
  Use: Potion            |     2 |       ||     2
 Stab: Sleeping          |     2 |       ||     2
Armor: Robe              |    29 |     1 ||    30
Dodge: Dodged            |    36 |     1 ||    37
Block: Shield            |    53 |     3 ||    56

Table legend:
 A = Spawn XP
 B = Non-spawn XP
 C = Spawn XP percentage of total XP
 D = Spawn monster count
 E = Non-spawn monster count
 F = Spawn count percentage of total count
 G = Total turns spent on level
                    A         B        C        D         E        F      G
               +---------+---------+-------+---------+---------+-------+---------
         Total |       0 |      87 |   0.0 |       0 |      26 |   0.0 |   934
               +---------+---------+-------+---------+---------+-------+---------
           D:1 |       0 |      35 |   0.0 |       0 |      21 |   0.0 |   656
           D:2 |       0 |      52 |   0.0 |       0 |       5 |   0.0 |   278
               +---------+---------+-------+---------+---------+-------+---------
